 Dungeon Crawl Stone Soup version 0.29-a0-559-g359e09b9d1 (webtiles) character file.

Game seed: 3843972242549140011

60 frogsbabysitter the Conjurer (level 3, 26/26 HPs)
             Began as a Draconian Conjurer on Mar 15, 2022.
             Quit the game on level 2 of the Dungeon on June 10, 2022.
             The game lasted 00:09:00 (1257 turns).

frogsbabysitter the Conjurer (Draconian Conjurer)   Turns: 1257, Time: 00:09:00

Health: 26/26      AC:  5    Str: 11    XL:     3   Next: 82%
Magic:  5/6        EV: 12    Int: 18    God:
Gold:   124        SH:  0    Dex:  9    Spells: 4/7 levels left

rFire   . . .      SeeInvis .   j - +2 short sword (speed)
rCold   . . .      Faith    .   (no shield)
rNeg    . . .      Spirit   .   (body armour unavailable)
rPois   .          Reflect  .   (helmet restricted)
rElec   .          Harm     .   (no cloak)
rCorr   .          Rampage  .   (no gloves)
Will    .....                   (no boots)
Stlth   ++........              (no amulet)
HPRegen 0.08/turn               (no ring)
MPRegen 0.10/turn               (no ring)

@: no status effects
A: AC +5, unfitting armour, cold-blooded
a: no special abilities


You were on level 2 of the Dungeon.
You visited 1 branch of the dungeon, and saw 2 of its levels.

You collected 124 gold pieces.

Inventory:

Hand Weapons
 i - a +0 hunting sling
 j - a +2 short sword of speed (weapon)
Scrolls
 b - 3 scrolls of identify {unknown}
 c - 2 scrolls of immolation {unknown}
 f - 3 scrolls of teleportation {unknown}
 g - a scroll of fear {unknown}
 h - a scroll of magic mapping {unknown}
 k - a scroll of holy word
Potions
 a - a potion of magic
 d - a potion of curing {unknown}
 e - a potion of brilliance {unknown}


   Skills:
 - Level 1.7 Dodging
 + Level 2.5 Stealth
 + Level 2.5 Spellcasting
 * Level 4.8 Conjurations


You had 4 spell levels left.
You knew the following spells:

 Your Spells              Type           Power      Damage    Failure   Level
a - Magic Dart            Conj           76%        1d6       2%          1
b - Searing Ray           Conj           38%        2d5       3%          2

Your spell library contained the following spells:

 Spells                   Type           Power      Damage    Failure   Level
 Sandblast                Erth           4%         2d4       17%         1
 Dazzling Flash           Conj/Hex       20%        N/A       19%         3
 Stone Arrow              Conj/Erth      20%        3d8       19%         3
 Passwall                 Tmut/Erth      1%         N/A       26%         2
 Fulminant Prism          Conj/Hex       5%         3d7       54%         4
 Iskenderun's Mystic Bla  Conj/Tloc      10%        2d4       54%         4


Dungeon Overview and Level Annotations

Branches:
Dungeon (2/15)

Altars:


Innate Abilities, Weirdness & Mutations

Your plain brown scales are hard. (AC +5)
You cannot fit into any form of body armour.
You are cold-blooded and may be slowed by cold attacks.


Message History

You can't see any susceptible monsters within range! (Use Z to cast anyway.) Cast which spell? (? or * to list)
You can't see any susceptible monsters within range! (Use Z to cast anyway.) Cast which spell? (? or * to list)
You can't see any susceptible monsters within range! (Use Z to cast anyway.) Cast which spell? (? or * to list)
You can't see any susceptible monsters within range! (Use Z to cast anyway.) Unknown command.
There's something in the way.
Unknown command.
Unknown command.
Unknown command.
There are no items here.
There are no items here.
Cast which spell? (? or * to list)
You don't know that spell.
Okay, then.
Cast which spell? (? or * to list)
You don't know that spell.
Cast which spell? (? or * to list)
You can't see any susceptible monsters within range! (Use Z to cast anyway.) Unknown command.
Unknown command.
There's something in the way.
Unknown command.
Unknown command.
Unknown command.
Welcome back, frogsbabysitter the Draconian Conjurer.
Press ? for a list of commands and other information.
Adjust (i)tems, (s)pells, or (a)bilities?
Okay, then.
Unknown command.
Unknown command.
Unknown command.
Unknown command.
Unknown command.
Number of times to repeat, then command key: You must enter the number of times for the command to repeat.
Unknown command.
Are you sure you want to abandon this character and quit the game? (Confirm with "yes".)

###.........#.....#.###
#.....<.....#......
#.#.........#
.............#
..+########[..#
..#........#..#
..#.+####'.#)##
###†#.#....#.#.#
...#.#.##@#.#..
..#.#.##.#.#.##
#.#.#....#.#..
#.#.'####+.#..
#.#........#..
#.'########+.##
#......... #######...


There were no monsters in sight!

Vanquished Creatures
  An orc wizard (D:2)
  A worm (D:2)
  2 dart slugs
  2 orcs (D:2)
  2 endoplasms
  A giant cockroach (D:1)
  3 goblins
  2 hobgoblins
  2 ball pythons
  A bat (D:2)
  3 frilled lizards
  4 kobolds
  5 rats
29 creatures vanquished.

Notes
Turn   | Place    | Note
-------+----------+-------------------------------------------
     0 | D:1      | frogsbabysitter the Draconian Conjurer began the quest for
                  | the Orb.
     0 | D:1      | Reached XP level 1. HP: 14/14 MP: 3/3
   281 | D:1      | Reached XP level 2. HP: 20/20 MP: 3/5
   555 | D:2      | Learned a level 2 spell: Searing Ray
   882 | D:2      | Reached XP level 3. HP: 26/26 MP: 3/6
  1257 | D:2      | Upgraded the game from 0.29-a0-284-gf9362112df to
                  | 0.29-a0-559-g359e09b9d1
  1257 | D:2      | Quit the game

Illustrated notes

Levels and vault maps discovered:
D:1:      dpeg_arrival_rooms_c, layout_basic, grunt_decor_fettered
D:2:      layout_basic, basic_altar, minivault_11

Skill      XL: |  1 |
---------------+----+-----
Stealth        | 2 |  2.5
Dodging        | |  1.7
Spellcasting   | |  2.5
Conjurations   | |  4.8

Action                   || total
-------------------------++-------
Melee: Unarmed           ||     4
       Short sword       ||    13
       Tailslap          ||     3
 Cast: Magic Dart        ||    39
       Searing Ray       ||     6
Armor: Skin              ||     2
Dodge: Dodged            ||    10

Table legend: (Time is in decaauts)
 A = Elapsed time spent in this place.
 B = Non-inter-level travel time spent in this place.
 C = Inter-level travel time spent in this place.
 D = Time resting spent in this place.
 E = Time spent auto-exploring this place.
 F = Levels seen in this place.
 G = Mean time per level.
                   A        B        C        D        E       F      G
               +--------+--------+--------+--------+--------+-----+--------+
         Total |   1253 |   1233 |     20 |    265 |    545 |   2 |  626.5 |
       Dungeon |   1253 |   1233 |     20 |    265 |    545 |   2 |  626.5 |
               +--------+--------+--------+--------+--------+-----+--------+

Top non-repeatable levels by time:
     D:2: 736 daAuts
     D:1: 516 daAuts
